 Dungeon Crawl Stone Soup version 0.21.0-22-g11d5b52 (webtiles) character file.

1470 Gorglomux the Skirmisher (level 8, 0/73 HPs)
             Began as a Minotaur Wanderer on Jan 18, 2018.
             Was an Initiate of Okawaru.
             Killed from afar by an electric eel (16 damage)
             ... with a bolt of electricity
             ... on level 6 of the Dungeon.
             The game lasted 00:04:35 (5546 turns).

Gorglomux the Skirmisher (Minotaur Wanderer)        Turns: 5546, Time: 00:04:35

Health: 0/73       AC: 11    Str: 15    XL:     8   Next: 49%
Magic:  8/8        EV: 10    Int: 10    God:    Okawaru [......]
Gold:   251        SH:  5    Dex: 18    Spells: 9/9 levels left

rFire    . . .     SeeInvis .   U - +0 hand axe
rCold    . . .     Gourm    .   Z - +0 buckler
rNeg     . . .     Faith    +   P - +0 scale mail
rPois    .         Spirit   .   (helmet restricted)
rElec    .         Reflect  .   W - +2 cloak
rCorr    .         Harm     .   (no gloves)
MR       .....                  (no boots)
Stlth    ..........             O - amulet of faith
HPRegen  0.22/turn              X - +5 ring of dexterity
MPRegen  0.11/turn              (no ring)

@: no status effects
A: retaliatory headbutt, horns 2
a: Renounce Religion


You were on level 6 of the Dungeon.
You worshipped Okawaru.
Okawaru was noncommittal.
You were not hungry.

You visited 2 branches of the dungeon, and saw 7 of its levels.

You collected 251 gold pieces.

Inventory:

Hand Weapons
 a - a +2 spear
 U - a +0 hand axe (weapon)
Armour
 P - a +0 scale mail (worn)
 W - a +2 cloak (worn)
 Z - a +0 buckler (worn)
Jewellery
 O - an amulet of faith (around neck)
 X - a +5 ring of dexterity (left hand)
Wands
 S - a wand of scattershot (4)
Scrolls
 B - 2 scrolls of blinking
 J - 2 scrolls of immolation {unknown}
 K - a scroll of enchant weapon {unknown}
 N - a scroll of fear {unknown}
 R - 2 scrolls of identify
 T - a scroll of teleportation
 V - a scroll of fog {unknown}
 Y - a scroll of magic mapping {unknown}
Potions
 M - a potion of ambrosia {unknown}
 Q - 2 potions of curing
Books
 L - a book of Necromancy

   Spells                             Type                      Level
   a - Pain                           Necromancy                   1
   b - Animate Skeleton               Necromancy                   1
   c - Vampiric Draining              Necromancy                   3
   d - Regeneration                   Charms/Necromancy            3
   e - Animate Dead                   Necromancy                   4
   f - Borgnjor's Vile Clutch         Necromancy/Earth             5
Comestibles
 f - 11 rations


   Skills:
 + Level 7.4 Fighting
 + Level 6.8 Axes
 + Level 6.6 Armour
 - Level 1.6 Dodging
 - Level 4.3 Shields
 - Level 1.0 Spellcasting
   Level 1.3 Necromancy
   Level 1.3 Ice Magic


You had 9 spell levels left.
You didn't know any spells.

Dungeon Overview and Level Annotations

Branches:
Dungeon (6/15)             Temple (1/1) D:5

Altars:
Dithmenos
Elyvilon
Fedhas
Gozag
Hepliaklqana
Kikubaaqudgha
Makhleb
Nemelex Xobeh
Okawaru
Qazlal
Ru
Sif Muna
Uskayaw
Vehumet
Wu Jian
Xom
Yredelemnul
Zin
The Shining One


Innate Abilities, Weirdness & Mutations

You reflexively headbutt those who attack you in melee.
You have a pair of horns on your head.


Message History

Found a scroll of identify!
You miss the electric eel! Your headbutt misses the electric eel!
You miss the electric eel!
The electric eel shoots out a bolt of lightning at you!!!
The bolt of butt hits you!!!
You miss the electric eel!
You butt-ly miss the electric eel!
Butt headbutt the electric eel!!!
The electric eel is heavily wounded!
The electric eel shoots out a bolt of lightning at you!!!
The bolt of electricity hits you!!!
You miss the electric eel! You headbutt the electric eel!
The electric eel is severely wounded!
The electric eel shoots out a bolt of lightning at you!!!
The bolt of electricity hits you!!! * * * don't butt
* * * You cut the butt eel into ribbons!
Your headbutt misses the electric eel!
The electric eel is almost dead!
The electric eel shoots out a bolt of lightning at you!!!
The bolt of electricity hits you!!! butt

############
.?.....@...#############
....≈.;.≈≈.≈....≈.≈.≈.≈≈
.#≈≈≈≈≈≈.≈≈≈≈≈≈≈≈≈≈≈≈≈≈≈
..≈≈♣♣♣≈≈≈♣♣♣≈.≈♣♣♣≈≈≈♣♣
.#≈ ♣≈≈≈♣ ♣≈.≈♣ ♣≈≈≈♣ #
♣≈.≈♣ ♣≈≈≈♣♣♣≈.≈♣♣
≈≈≈.≈≈≈≈≈.≈≈≈≈≈≈≈≈≈
≈≈≈..≈≈≈≈≈≈≈≈≈≈≈.≈.≈
≈≈≈≈≈≈≈≈≈≈≈≈≈≈≈≈.≈≈≈


You could see an electric eel.

Vanquished Creatures
  The ghost of Pawles22 the Skirmisher, an amateur TrFi (D:4)
  Sigmund (D:3)
  Menkaure (D:5)
  2 ice beasts (D:5)
  A sky beast (D:6)
  Blork the orc (D:5)
  A bullfrog (D:6)
  A scorpion (D:5)
  2 vampire bats (D:3)
  An electric eel (D:6)
  A crimson imp (D:5)
  2 jellies
  A hound (D:3)
  An orc priest (D:4)
  2 orc wizards (D:4)
  A bullfrog skeleton (D:5)
  4 worker ants
  4 adders
  A shadow imp (D:5)
  8 oozes
  A worm (D:3)
  3 leopard geckos
  6 orcs (D:4)
  A ball python (D:2)
  2 bat skeletons (D:3)
  3 bat zombies (D:3)
  2 giant cockroaches
  3 goblins
  4 hobgoblins
  2 quokkas
  4 bats
  2 frilled lizards
  9 kobolds
  6 rats
  A fungus (D:4)
86 creatures vanquished.

Vanquished Creatures (others)
  2 fungi (D:4)
  7 toadstools (D:4)
9 creatures vanquished.

Grand Total: 95 creatures vanquished

Notes
Turn   | Place    | Note
-------+----------+-------------------------------------------
     0 | D:1      | Gorglomux the Minotaur Wanderer began the quest for the Orb.
     0 | D:1      | Gorglomux set off with: a +2 spear, a +0 robe, a ration, a potion of curing, a scroll of teleportation
     0 | D:1      | Reached XP level 1. HP: 18/18 MP: 1/1
   327 | D:1      | Reached XP level 2. HP: 25/25 MP: 2/2
   803 | D:2      | Reached skill level 3 in Fighting
   803 | D:2      | Reached skill level 1 in Axes
   869 | D:2      | Found a sacrificial altar of Ru.
  1085 | D:2      | Reached skill level 1 in Armour
  1184 | D:2      | Reached XP level 3. HP: 31/31 MP: 3/3
  1562 | D:2      | Found a blossoming altar of Fedhas.
  2026 | D:3      | Reached XP level 4. HP: 39/40 MP: 4/4
  2036 | D:3      | Found an ancient bone altar of Kikubaaqudgha.
  2043 | D:3      | Reached skill level 4 in Fighting
  2055 | D:3      | Reached skill level 3 in Axes
  2055 | D:3      | Reached XP level 5. HP: 36/46 MP: 5/5
  2158 | D:3      | Found a burning altar of Makhleb.
  2161 | D:3      | Reached skill level 3 in Armour
  2235 | D:3      | Noticed Sigmund
  2249 | D:3      | Killed Sigmund
  2249 | D:3      | Reached skill level 3 in Shields
  2249 | D:3      | Reached XP level 6. HP: 36/55 MP: 6/6
  2534 | D:4      | Found an ornate altar of the Wu Jian Council.
  2672 | D:4      | Noticed Pawles22's ghost (amateur TrFi)
  3059 | D:4      | Reached skill level 5 in Fighting
  3942 | D:4      | Killed Pawles22's ghost
  3942 | D:4      | Reached XP level 7. HP: 18/61 MP: 7/7
  4134 | D:5      | Entered Level 5 of the Dungeon
  4403 | D:5      | Reached skill level 6 in Fighting
  4476 | D:5      | Noticed Blork the orc
  4490 | D:5      | Killed Blork the orc
  4516 | D:5      | Reached XP level 8. HP: 51/71 MP: 8/8
  4535 | D:5      | Found a shimmering altar of Xom.
  4624 | D:5      | Noticed Menkaure
  4630 | D:5      | Killed Menkaure
  4630 | D:5      | Reached skill level 6 in Axes
  4630 | D:5      | Reached skill level 6 in Armour
  4924 | D:5      | Found a staircase to the Ecumenical Temple.
  5014 | Temple   | Entered the Ecumenical Temple
  5075 | Temple   | Became a worshipper of Warmaster Okawaru
  5118 | D:5      | Found a deep blue altar of Sif Muna.
  5285 | D:5      | Reached skill level 7 in Fighting
  5546 | D:6      | Killed from afar by an electric eel

Skill      XL: |  1  2  3  4  5  6  7  8 |
---------------+-------------------------+-----
Fighting       | 3 4 5 6 7 |  7.4
Axes           | 1 2 3 4 5 6 |  6.8
Armour         | 1 2 3 4 5 6 |  6.6
Shields        | 3 4 |  4.3
Dodging        | |  1.6
Spellcasting   | |  1.0
Necromancy     | |  1.3
Ice Magic      | |  1.3

Action                   |  1- 3 |  4- 6 |  7- 9 || total
-------------------------+-------+-------+-------++-------
Melee: Hand axe          |   102 |   125 |   104 ||   331
       Spear             |     7 |       |       ||     7
       Headbutt          |    17 |    27 |    31 ||    75
  Use: Scroll            |     2 |       |     2 ||     4
       Potion            |       |     5 |     1 ||     6
  Eat: Chunk             |     4 |     4 |     1 ||     9
       Ration            |       |       |     2 ||     2
Armor: Robe              |     7 |       |       ||     7
       Scale mail        |    60 |    55 |    33 ||   148
       Skin              |       |     6 |     1 ||     7
Dodge: Dodged            |    68 |    53 |    22 ||   143
Block: Buckler           |       |    29 |    12 ||    41
